Cogmind - Beta 11.1 @@@ ROGUE MODE // 2022.05.30 @ 13:55:31 Player: btmk16 Result: Destroyed by G-47 Trooper with Particle Gun Performance ------------- Evolutions (2) 1000 Regions Visited (3) 600 Robots Destroyed (58) 290 Value Destroyed (1588) 1588 Prototype IDs (9) 180 Alien Tech Used (0) 0 Bonus (0) 0 TOTAL SCORE: 3658 Bonus ------- None Cogmind --------- Core Integrity 0/550 Matter 20/300 Energy 100/100 System Corruption 5% Temperature Cool (27) Movement Core (1350) Ox26 Location -8/Materials Parts ------- > --- POWER (1) -------- (None) > --- PROPULSION (3) --- (None) > --- UTILITY (5) ------ Huge Storage Unit > --- WEAPON (2) ------- (None) > --- INVENTORY (25) --- Wheel Compact Wheel Compact Wheel Flight Unit Flight Unit Improved Flight Unit Improved Flight Unit Heat Sink Heat Sink Improved Heat Sink Small Storage Unit Weight Redist. System Improved Signal Interpreter Terrain Scanner Transport Network Coupler Utility Shielding Utility Shielding Utility Shielding Improved Assault Rifle Improved Assault Rifle Peak State ------------ > --- POWER ------------ Light Deuterium Engine > --- PROPULSION ------- Advanced Treads Advanced Treads Wheel > --- UTILITY ---------- Improved Heat Sink Improved Heat Sink Huge Storage Unit Visual Processing Unit Terrain Scanner > --- WEAPON ----------- Improved Assault Rifle Improved Assault Rifle > --- INVENTORY -------- Wheel Wheel Wheel Compact Wheel Compact Wheel Flight Unit Flight Unit Improved Flight Unit Improved Flight Unit Heat Sink Heat Sink Improved Heat Sink Small Storage Unit Weight Redist. System Improved Signal Interpreter Terrain Scanner Transport Network Coupler Utility Shielding Utility Shielding Utility Shielding Light Armor Plating Improved Assault Rifle Improved Assault Rifle Missile Launcher [Rating: 29] Favorites ----------- Power Light Nuclear Core Engine Light Ion Engine Power Core Light Nuclear Core Propulsion Wheel Treads Light Treads Leg Aluminum Leg Wheel Wheel Utility Huge Storage Unit Device Heat Sink Storage Huge Storage Unit Processor Visual Processing Unit Protection Light Armor Plating Weapon Light Assault Rifle Energy Gun Medium Laser Ballistic Gun Light Assault Rifle Launcher Grenade Launcher Build | -11 -10 -9 -8 ------- Run | Scr Mat Mat Mat Slots Evolved 4 | . . 2 2 Power . | . . . . Propulsion 1 | . . . 1 Utility 3 | . . 2 1 Weapon . | . . . . Parts Attached 63 | . 14 20 29 Power 9 | . 2 5 2 Engine 6 | . 2 3 1 Core 3 | . . 2 1 Reactor . | . . . . Propulsion 28 | . 6 9 13 Treads 11 | . 3 2 6 Leg 1 | . 1 . . Wheel 16 | . 2 7 7 Hover . | . . . . Flight . | . . . . Utility 13 | . 4 3 6 Device 10 | . 3 2 5 Storage 1 | . 1 . . Processor 1 | . . 1 . Hackware . | . . . . Protection 1 | . . . 1 Artifact . | . . . . Weapon 13 | . 2 3 8 Energy Gun 4 | . 1 1 2 Energy Cannon . | . . . . Ballistic Gun 5 | . 1 1 3 Ballistic Cannon . | . . . . Launcher 4 | . . 1 3 Special Weapon . | . . . . Impact Weapon . | . . . . Slashing Weapon . | . . . . Piercing Weapon . | . . . . Special Melee Weapon . | . . . . Unidentified Prototypes 2 | . . . 2 Parts Lost 32 | . 3 10 19 Power 6 | . . 4 2 Propulsion 10 | . 1 2 7 Utility 7 | . . 1 6 Weapon 9 | . 2 3 4 Highest Loss Streak 15 | . 2 3 15 To Critical Strikes . | . . . . Average Slot Usage (%) 90 | . 93 83 94 Engine 6 | . 13 7 . Core 3 | . . 1 8 Treads 5 | . 6 2 7 Leg 2 | . 8 . . Wheel 16 | . 13 18 17 Device 18 | . 10 14 26 Storage 10 | . 14 11 9 Processor 6 | . . 7 8 Energy Gun 8 | . 12 8 5 Ballistic Gun 10 | . 14 10 9 Launcher 1 | . . . 2 Naked Turns . | . . . . Heaviest Build 94 | 13 89 91 94 Greatest Support 40 | 20 40 32 26 Greatest Overweight (x) 8 | . 8 8 8 Average Overweight (x) 3 | . 2 4 3 Largest Inventory Capacity 25 | . 25 25 25 Average Capacity 23 | . 19 25 25 Most Carried 25 | . 14 25 25 Average Carried 19 | . 10 21 23 Final Capacity 25 | 8 25 25 25 Final Carried 25 | 6 14 25 20 Class Distribution -------------------- 66% | Mutant 33% | Scavenger-Mutant Dominant Class ---------------- Mutant | -10/Materials Mutant | -9/Materials Mutant | -8/Materials Resources | -11 -10 -9 -8 ----------- Run | Scr Mat Mat Mat Matter Collected 1092 | 200 179 273 440 Remotely . | . . . . Salvage Created 2064 | . 411 622 1031 Parts 111 | . 21 37 53 Haulers Intercepted 5 | . . 2 3 Recyclers Shooed 7 | . 1 3 3 Parts Field Recycled . | . . . . Retrieved Matter . | . . . . Parts Self-Destructed . | . . . . Prevented . | . . . . Kills | -11 -10 -9 -8 ------- Run | Scr Mat Mat Mat Combat Hostiles Destroyed 40 | . 10 14 16 Guns 26 | . 10 9 7 AOE 13 | . . 4 9 Classes Destroyed 11 | . 4 3 4 Worker 2 | . . . 2 Builder 3 | . 1 1 1 Tunneler 2 | . . 1 1 Hauler 5 | . . 2 3 Recycler 5 | . 1 1 3 Watcher 1 | . . . 1 Swarmer 7 | . 3 4 . Grunt 26 | . 7 8 11 Brawler 1 | . . . 1 Sentry 5 | . . 2 3 Hunter 1 | . . . 1 Best Kill Streak 6 | . 4 3 6 Combat Bots Only 4 | . 4 3 4 Max Kills in Single Turn 3 | . 1 2 3 Gunslinging . | . . . . Exploded 3 | . . 2 3 Melee . | . . . . Uniques/NPCs Destroyed . | . . . . Combat | -11 -10 -9 -8 -------- Run | Scr Mat Mat Mat Damage Taken 4056 | . 648 1136 2272 Core 960 | . 76 323 561 Absorbed by Shields . | . . . . Core Remaining (%) 62 | 100 69 19 . Volleys Fired 243 | . 54 80 109 Largest 2 | . 2 2 2 Hottest 105 | . 70 85 105 Shots Fired 405 | . 91 140 174 Gun 384 | . 91 137 156 Cannon . | . . . . Launcher 21 | . . 3 18 Special . | . . . . Kinetic 262 | . 54 100 108 Thermal 122 | . 37 37 48 Explosive 21 | . . 3 18 Electromagnetic . | . . . . Robot Hit Streak 20 | . 10 12 20 Robot Miss Streak 5 | . 3 5 4 Penetration Max . | . . . . Secondary Targets 4 | . 3 1 . Max Gunslinging Chain 1 | . 1 1 . Shots Hit Robots 279 | . 62 97 120 Core Hits 122 | . 26 36 60 Critical Kills . | . . . . Critical Parts Destroyed 1 | . . 1 . Critical Strikes 5 | . 2 2 1 Burn 4 | . 2 1 1 Destroy 1 | . . 1 . Melee Attacks . | . . . . Impact . | . . . . Slashing . | . . . . Piercing . | . . . . Sneak Attacks . | . . . . Combat Hostiles . | . . . . Follow-up Attacks . | . . . . Damage Inflicted 4942 | . 648 1392 2902 Guns 3247 | . 648 946 1653 Cannons . | . . . . Explosions 1655 | . . 446 1209 Melee . | . . . . Ramming 40 | . . . 40 Kinetic 1996 | . 286 561 1149 Thermal 1251 | . 362 385 504 Explosive 1655 | . . 446 1209 Electromagnetic . | . . . . Impact . | . . . . Slashing . | . . . . Piercing . | . . . . Highest Corruption 5 | . . . 5 Average Corruption 4 | . . . 4 Corruption Purged . | . . . . Corruption Blocked . | . . . . Overload Shots . | . . . . Overflow Damage 165 | . . 153 12 Projectiles . | . . . . Explosions 165 | . . 153 12 Melee . | . . . . Knockbacks 1 | . . . 1 Impact 1 | . . . 1 Kinetic . | . . . . Secondary . | . . . . Self-Inflicted Damage 276 | . . 111 165 Shots 5 | . . 1 4 Rammed 2 | . . . 2 Targets Rammed 2 | . . . 2 Kicked . | . . . . Crushed . | . . . . Highest Temperature 339 | . 339 19 18 Average Temperature 66 | . 98 5 8 Received Heat Transfer 1752 | . 315 447 990 Effects 2 | . 2 . . Short Circuit 2 | . 2 . . Siege Activations . | . . . . Robots Corrupted . | . . . . Combat Hostiles . | . . . . Parts Fried . | . . . . Impact Corruptions . | . . . . Robots Melted 1 | . . 1 . Combat Hostiles 1 | . . 1 . Parts Melted 5 | . 2 2 1 Heat Transferred 3430 | . 1221 1110 1099 Parts Sabotaged . | . . . . Parts Stolen . | . . . . Parts Stripped . | . . . . Power Chain Reactions . | . . . . Missiles Intercepted . | . . . . Alert | -11 -10 -9 -8 ------- Run | Scr Mat Mat Mat Peak Influence 313 | . 204 260 313 Initial 24 | . . 24 3 Average 101 | . 78 81 133 Maximum Alert Level 1 | . 1 1 1 Low Security (%) 91 | . 95 95 84 Level 1 8 | . 4 4 15 Level 2 . | . . . . Level 3 . | . . . . Level 4 . | . . . . Level 5 . | . . . . High Security . | . . . . Max Security . | . . . . Squads Dispatched 8 | . 3 3 2 Investigation 3 | . 2 . 1 Extermination . | . . . . Reinforcement 5 | . 1 3 1 Assault . | . . . . Garrison . | . . . . Intercept . | . . . . Searches Triggered . | . . . . Construction Impeded . | . . . . Haulers Reinforced . | . . . . Active Scanning Responses . | . . . . Cargo Convoy Interrupts . | . . . . Stealth | -11 -10 -9 -8 --------- Run | Scr Mat Mat Mat Distress Signals 7 | . . 5 2 Communications Jammed . | . . . . Distress Signals . | . . . . Times Spotted 67 | . 14 21 32 Peak Tracking Total 6 | . 4 6 6 Tactical Retreats 3 | . . 2 1 Traps | -11 -10 -9 -8 ------- Run | Scr Mat Mat Mat Traps Triggered 3 | . 2 . 1 Indirectly . | . . . . Trap Hack Attempts . | . . . . Triggered . | . . . . Disarmed . | . . . . Reprogrammed . | . . . . Reused . | . . . . Traps Extracted . | . . . . Installed . | . . . . Triggered . | . . . . Machines | -11 -10 -9 -8 ---------- Run | Scr Mat Mat Mat Machines Disabled 5 | . . 1 4 Max in Single Turn 2 | . . 1 2 Garrison Access 1 | . . . 1 Machines Sabotaged . | . . . . Garrisons Compromised . | . . . . Overloaded Fab Kills . | . . . . Hacking | -11 -10 -9 -8 --------- Run | Scr Mat Mat Mat Machines Accessed 10 | . 1 5 4 Terminals 7 | . 1 3 3 Fabricators . | . . . . Repair Stations . | . . . . Recycling Units 2 | . . 2 . Scanalyzers . | . . . . Garrison Access 1 | . . . 1 Total Hacks 30 | . 3 15 12 Successful 13 | . 1 8 4 Failed 17 | . 2 7 8 Catastrophic 1 | . . 1 . Database Lockouts . | . . . . Manual 5 | . 1 2 2 Terminals 25 | . 3 13 9 Fabricators . | . . . . Repair Stations . | . . . . Recycling Units 2 | . . 2 . Scanalyzers . | . . . . Garrison Access 3 | . . . 3 Terminal Hacks 10 | . 1 6 3 Prototype ID Bank 3 | . 1 1 1 Alert Level 1 | . . . 1 Unreport Threat 2 | . . 2 . Locate Traps 1 | . . 1 . Transport Status 1 | . . . 1 Hauler Manifests 1 | . . 1 . Zone Layout 1 | . . 1 . Fabricator Hacks . | . . . . Repair Station Hacks . | . . . . Recycling Unit Hacks 2 | . . 2 . Retrieve Components 2 | . . 2 . Scanalyzer . | . . . . Garrison Access Hacks 1 | . . . 1 Seal Access 1 | . . . 1 Unauthorized Hacks . | . . . . Terminals . | . . . . Fabricators . | . . . . Repair Stations . | . . . . Recycling Units . | . . . . Scanalyzers . | . . . . Garrison Access . | . . . . Data Cores Recovered . | . . . . Used . | . . . . Hacking Detections 9 | . 1 4 4 Full Trace Events 2 | . 1 . 1 Feedback Events . | . . . . Feedback Blocked . | . . . . Robot Schematics Acquired . | . . . . Robots Built . | . . . . Authchips . | . . . . Time . | . . . . Total Robot Build Rating . | . . . . Part Schematics Acquired . | . . . . Parts Built . | . . . . Authchips . | . . . . Time . | . . . . Total Part Build Rating . | . . . . Parts Repaired . | . . . . Time . | . . . . Parts Recycled . | . . . . Recycled Matter . | . . . . Retrieved Matter . | . . . . Retrieved Components 2 | . . 2 . Parts Scanalyzed . | . . . . Part Schematics Acquired . | . . . . Parts Damaged . | . . . . Bothacking | -11 -10 -9 -8 ------------ Run | Scr Mat Mat Mat Used RIF Installer . | . . . . Robots Hacked . | . . . . Non-combat . | . . . . Combat . | . . . . Robot Hacks Applied . | . . . . Relay Couplers Released . | . . . . Fabnet Peak Effective % . | . . . . Robots Rewired . | . . . . Allies Hacked . | . . . . Hacks Repelled . | . . . . Allies | -11 -10 -9 -8 -------- Run | Scr Mat Mat Mat Total Allies . | . . . . Largest Group . | . . . . Highest-Rated Group . | . . . . Highest-Rated Ally . | . . . . Total Orders . | . . . . Ally Attacks . | . . . . Total Damage . | . . . . Kills . | . . . . Allies Corrupted . | . . . . Allies Melted . | . . . . Intel | -11 -10 -9 -8 ------- Run | Scr Mat Mat Mat Robot Analysis Total . | . . . . Derelict Logs Recovered . | . . . . Drone Launches . | . . . . Drone Recoveries . | . . . . Exploration | -11 -10 -9 -8 ------------- Run | Scr Mat Mat Mat Turns Passed 3184 | . 793 1139 1252 Spaces Moved 1462 | 1 400 510 551 Core . | . . . . Treads 22 | . 20 . 2 Legs 120 | 1 119 . . Wheels 1320 | . 261 510 549 Hover . | . . . . Flight . | . . . . Fastest Speed 120 | 120 120 130 135 Average Speed 146 | 120 152 149 140 Slowest Speed 385 | 120 320 200 385 Overloaded Moves . | . . . . Propulsion Burnouts . | . . . . Robots Hopped . | . . . . Cave-ins Triggered . | . . . . Exploration Rate (%) 33 | 2 37 39 55 Regions Visited 3 Branch Regions . Pre-discovered Areas . | . . . . Known Exits Taken . | . . . . Unknown Exits Taken 3 | 1 1 1 . Scrap Searched . | . . . . Spaces Dug . | . . . . Terrain Destroyed 180 | . . 47 133 Melee . | . . . . Projectile . | . . . . AOE 180 | . . 47 133 Terrain Rammed . | . . . . Walls Destroyed . | . . . . Machines Disabled . | . . . . Actions | -11 -10 -9 -8 --------- Run | Scr Mat Mat Mat Total 2132 | . 503 766 863 Wait 288 | . 18 136 134 Move 1459 | . 399 509 551 Hop . | . . . . Pick Up 39 | . 9 15 15 Fast Attach 18 | . 5 7 6 Attach 21 | . 3 8 10 Detach 7 | . 4 2 1 Swap 24 | . 6 5 13 Drop 31 | . 5 4 22 Fire 243 | . 54 80 109 Melee . | . . . . Ram 2 | . . . 2 Kick . | . . . . Crush . | . . . . Escape Stasis . | . . . . Rewire . | . . . . Trap . | . . . . Miscellaneous . | . . . . Route ------- -11/Scrapyard -10/Materials (discovered 2 exits: *Mat / [*Min]) -9/Materials (discovered 2 exits: *Mat / [*Min]) -8/Materials (discovered 1 exit: [*Fac]) History --------- Turn | Location | Event 1 | -11/Scrapyard | Discovered new exit (range 0) 1 | -11/Scrapyard | Entered Materials 113 | -10/Materials | Discovered new exit (range 13) 319 | -10/Materials | Build established: Mutant 445 | -10/Materials | Discovered new exit (range 5) 794 | -10/Materials | Entered another Materials area 794 | -9/Materials | Evolved 2 slots: Utility x2 1184 | -9/Materials | Discovered new exit (range 17) 1334 | -9/Materials | Discovered new exit (range 5) 1455 | -9/Materials | Core integrity fell below 50% 1483 | -9/Materials | Lost 3 parts (1p1n1u) 1689 | -9/Materials | Core integrity fell below 20% 1783 | -9/Materials | Build established: Scavenger-Mutant 1933 | -9/Materials | Entered another Materials area 1933 | -8/Materials | Evolved 2 slots: Propulsion x1, Utility x1 2563 | -8/Materials | Build established: Mutant 2741 | -8/Materials | Discovered new exit (range 17) 3154 | -8/Materials | Core integrity fell below 50% 3180 | -8/Materials | Core integrity fell below 20% 3185 | -8/Materials | Destroyed by G-47 Trooper with Particle Gun Last Messages --------------- 03165_ The unstable cave ceiling collapses. 03165_ U-05 Engineer lays Concrete. 03166_ Critical hit (Burn: +37). 03167_ System corrupted: FCS attempts to trigger Missile Launcher. 03167_ U-05 Engineer lays Concrete. 03170_ Wheel destroyed. 03170_ U-05 Engineer lays Concrete. 03173_ Missile Launcher destroyed. 03174_ U-05 Engineer lays Concrete. 03175_ K-01 Serf collects debris. 03175_ U-05 Engineer lays Concrete. 03178_ Critical hit (Burn: +37). 03179_ U-05 Engineer builds a Wall. 03180_ Adv. Treads destroyed. 03181_ K-01 Serf collects debris. 03183_ Imp. Heat Sink destroyed. 03183_ Wheel destroyed. 03183_ U-05 Engineer builds a Wall. 03184_ Slammed into G-50 Soldier. 03185_ The unstable cave ceiling collapses. Map ----- +----------------------------------------------------+ | ?????????????????????????????????????????????????? | | ?????????????????????????????????????????????????? | | ?????????????????????????????????????????????????? | | ?????????????????????????????????????????????????? | | ?????????????????????????????????????????????????? | | ?????????????????????????????????????????????????? | | ?????????????????????????????????????????????????? | | ?????????????????????????????????????????????????? | | ?????????????????????????????????????????????????? | | ?????????????????????????????????????????????????? | | ?????????????????????????????????????????????????? | | ?????????????????????????????????????????????????? | | ???? ????????????????????????????????????????????? | | ????? ?????????????#?????????????????????????????? | | ?????????????????????#########???????????????????? | | ?????????????????????? ????????????????????? | | ?????????????????? ??? ] !#???????????????????? | | ????????????#???"?????? ????????????????????? | | ????????????????"????? [[ ?????????????????????? | | ??##########???????????[ ????????????????????? | | ??# #???????????? ????????????????????? | | ??#! #??#####????? ?????????????????????? | | ??# #??# ? ?? ? ?????????????#??????? | | ??# [ #??# #####;############ ??????? | | ###] #### g|^ g ?????? | | ? + + g|^ !@! w ?????? | | ??# [ ### rk ^ = o ?????? | | ??# #?#### g !=| # ########???????????? | | ??#! #?# = = ##??????#??????????? | | ??#####+####?# ## ^ Y #???#?????????????? | | #####! #### ### # #?##??????????????? | | %% #?????????????????? | | T " = ###????????????????? | | "u [ #??????????????????? | | ##### # ## # ### #????#?????????????? | | ?#??####### ## T ##???#??#???????????? | | ??????????# ## """ """ #####?????????????????? | | ?#????????# ## """ """ #?????????????????????? | | ???????#?## ## """ """ ! #??????##### ?????????? | | ########## #? #?????? ## ???#?????? | | #? #??????" ## ????????? | | T #?= ? * [ ?????"" ## ?????????? | | #?#???#######????""" ##+#####????# | | ########## #????????????# # #??#??? | | #######????????????# """"" # """ #?#???? | | #????????######?#?## """"" # "" %##???## | | #?????#?##!!!!###### """"" # " ###### | | #???????#! !# # ## | | #???????#! !# ###+### *##[ | | #####+############ ######## ###+#### = " | +----------------------------------------------------+ Best States ------------- Heat Dissipation 59 Energy Generation 14 Energy Capacity 250 Matter Stores 300 Matter Capacity 300 Sight Range 18 Terrain Scan Range 14 Terrain Scan Density 10 Armor Coverage 150 Evasion (%) 55 Recoil Reduction 2 Item Schematics ----------------- None Robot Schematics ------------------ None Fabricated ------------ Nothing Alien Tech Used ----------------- None Achievements -------------- None Challenges ------------ None Game ------ Seed DisruptorEnergyRay Manual? 0 Play Time 00:21:52 Cumulative 276.2 hours Start 2022.05.30 @ 13:05:50 End 2022.05.30 @ 13:55:31 Sessions 1 Manual Loads 0 Difficulty Rogue Special Mode None Game No. 361 Rogue 361 Adventurer 0 Explorer 0 Win Type - Total 6 Types 5/0/0/1/0/0/0/0/0 Lore% 68 Gallery% 79 Achievement% 57 Wizard Run 0 Options --------- ASCII 0 Keyboard 1 Movement Vi Keybinds 0 Fullscreen 1 Font 18/SmallcapsGlow Map View 76x50 Tactical HUD 1 Map Filters NONE Filters NONE Steam 1 RUN: 2087925b-2c4b-4a4b-84f4-871253268a65